 Dungeon Crawl Stone Soup version 0.25.1-1-g288607f (webtiles) character file.

Game seed: 7839538720376776298

2109 RonnieColeman the Thaumaturge (level 9, -3/61 HPs)
             Began as an Octopode Conjurer on Sept 15, 2020.
             Was a Follower of Sif Muna.
             Slain by AssidiousBlue's ghost (18 damage)
             ... on level 6 of the Dungeon.
             The game lasted 00:17:12 (9273 turns).

RonnieColeman the Thaumaturge (Octopode Conjurer)   Turns: 9273, Time: 00:17:13

Health: -3/61      AC:  1    Str:  7    XL:     9   Next: 28%
Magic:  18/21      EV: 13    Int: 26    God:    Sif Muna [*.....]
Gold:   396        SH:  0    Dex: 13    Spells: 21/24 levels left

rFire    x . .     SeeInvis .   n - +1 dagger (venom)
rCold    + . .     Gourm    .   (no shield)
rNeg     . . .     Faith    .   (helmet restricted)
rPois    .         Spirit   .   (no amulet)
rElec    .         Reflect  .   c - ring of stealth
rCorr    .         Harm     .   u - +6 ring of intelligence
MR       .....                  v - ring of ice
Stlth    ++++......             (no ring)
HPRegen  0.20/turn              (no ring)
MPRegen  0.17/turn              (no ring)
                                (no ring)
                                (no ring)

@: studying Necromancy
A: almost no armour, stealthy swim, amphibious, 8 rings, constrict 8, camouflage
1, gelatinous body 1
a: Channel Magic, Renounce Religion


You were on level 6 of the Dungeon.
You worshipped Sif Muna.
Sif Muna was aware of your devotion.
You were not hungry.

You visited 2 branches of the dungeon, and saw 8 of its levels.

You collected 396 gold pieces.

Inventory:

Hand Weapons
 n - a +1 dagger of venom (weapon)
Jewellery
 c - a ring of stealth (left tentacle)
 u - a +6 ring of intelligence (right tentacle)
 v - a ring of ice (on tentacle)
Wands
 i - a wand of random effects (16)
 m - a wand of flame (42)
 w - a wand of acid (9)
Scrolls
 a - a scroll of magic mapping
 d - 2 scrolls of summoning {unknown}
 e - 2 scrolls of remove curse
 f - a scroll of immolation {unknown}
 l - a scroll of fear {unknown}
 t - 3 scrolls of teleportation
 x - a scroll of identify
Potions
 g - a potion of cancellation
 h - 4 potions of lignification
 j - 2 potions of haste
 k - 2 potions of stabbing
 o - 2 potions of invisibility
 p - 2 potions of flight
 q - 3 potions of curing
 r - 3 potions of brilliance {unknown}
 s - a potion of might {unknown}
Books
 y - a manual of Necromancy
Comestibles
 b - 13 rations


   Skills:
 - Level 5.0 Fighting
 - Level 2.0 Dodging
 - Level 2.6 Stealth
 * Level 8.3 Spellcasting
 + Level 7.4 Conjurations


You had 21 spell levels left.
You knew the following spells:

 Your Spells              Type           Power        Failure   Level  Hunger
a - Magic Dart            Conj           ####         1%          1    None
b - Searing Ray           Conj           #####.       1%          2    None

Your spell library contained the following spells:

 Spells                   Type           Power        Failure   Level  Hunger
 Dazzling Flash           Conj/Hex       ####..       3%          3    None
 Beastly Appendage        Tmut           ##....       5%          1    None
 Sticks to Snakes         Tmut           ##......     9%          2    None
 Fulminant Prism          Conj/Hex       ####......   12%         4    ##.....
 Iskenderun's Mystic Bla  Conj/Tloc      ####....     12%         4    ##.....
 Spider Form              Tmut/Pois      ##........   16%         3    None
 Ice Form                 Ice/Tmut       ###.....     47%         4    ##.....
 Blade Hands              Tmut           ##........   83%         5    ####...


Dungeon Overview and Level Annotations

Branches:
Dungeon (7/15)             Temple (1/1) D:4

Altars:
Ashenzari
Cheibriados
Dithmenos
Elyvilon
Fedhas
Gozag
Hepliaklqana
Kikubaaqudgha
Makhleb
Nemelex Xobeh
Okawaru
Qazlal
Ru
Sif Muna
Trog
Uskayaw
Vehumet
Wu Jian
Xom
Yredelemnul
Zin
The Shining One

Annotations:
D:6 AssidiousBlue's ghost, novice MiBe


Innate Abilities, Weirdness & Mutations

You cannot wear most types of armour.
You are very stealthy in the water. (Stealth+)
You are amphibious.
You can wear up to eight rings at the same time.
You can use your tentacles to constrict eight enemies at once.
Your skin changes colour to match your surroundings (Stealth+).
Your rubbery body absorbs attacks. (AC +1, EV +1)


Message History

AssidiousBlue's ghost turns its malevolent gaze towards you.
The gnoll sergeant barely misses you. AssidiousBlue's ghost hits you!
You are poisoned.
The searing ray hits the gnoll sergeant!
The gnoll sergeant is almost dead.
You feel sick.
The gnoll sergeant hits you from afar with the +2 trident of Zoll {venom, *Corrode +Inv rF+++ Int-5}!
AssidiousBlue's ghost hits you!
You are lethally poisoned!
The searing ray hits the gnoll sergeant.
You kill the gnoll sergeant!
Sif Muna accepts your kill.
* * * LOW HITPOINT WARNING * * *
You feel very sick. AssidiousBlue's ghost hits you!
* * * LOW HITPOINT WARNING * * *
You are more poisoned.
You feel better. AssidiousBlue's ghost misses you.
AssidiousBlue's ghost hits you!!
You die...

......≈≈##.###.###.##≈≈..≈≈≈≈≈≈≈§
......≈≈#...........#≈≈..≈≈≈≈≈≈≈≈
#.....≈≈###.##'##.###≈≈...≈≈≈≈≈≈≈
......≈≈..#.#...#.#..≈≈.......≈≈≈
##....≈≈.##.'...'g##.≈≈........≈≈
...##.≈≈.#..#...#.©#.≈≈........≈≈
...##.≈≈.##.##.##.##.≈≈.........≈
##.##.....#.#...#.#..≈≈.........≈
##..#....©#)))©W@.#©.≈≈..........
.##.......#)#8⌠8#.#..≈≈..........
......≈≈.##.#####.##.≈≈..........
...##.≈≈.#..#.:.#..#.≈≈..........
#..##.≈≈.##.#...#.##.≈≈..........
......≈≈..#.#...#.#..≈≈..........
......≈≈###.##'##.###≈≈..........
#.....≈≈#...........#≈≈.......<..
......≈≈##.###.###.##≈≈..........


You could see AssidiousBlue's ghost and a gnoll (wandering).

Vanquished Creatures
  A phantom (D:5)
  6 ogres
  Blork the orc (D:4)
  2 gnoll sergeants (D:6)
  A bullfrog (D:4)
  A scorpion (D:6)
  2 howler monkeys (D:4)
  2 crimson imps
  4 hounds
  2 orc priests
  A jelly (D:6)
  2 gnoll shamans
  7 orc wizards
  2 centaur skeletons (D:4)
  2 iguanas
  Jessica (D:2)
  A bullfrog skeleton (D:4)
  Natasha (D:3)
  3 worker ants
  7 gnolls
  12 adders
  2 adder skeletons (D:2)
  An adder zombie (D:6)
  3 worms
  2 dart slugs
  5 leopard geckos
  22 orcs
  2 ball pythons (D:2)
  6 giant cockroaches
  9 goblins
  17 hobgoblins
  2 jackals (D:1)
  10 kobolds
  4 quokkas
  10 bats
  5 frilled lizards
  A quokka skeleton (D:4)
  7 rats
169 creatures vanquished.

Vanquished Creatures (others)
  6 plants (D:6)
6 creatures vanquished.

Grand Total: 175 creatures vanquished

Notes
Turn   | Place    | Note
-------+----------+-------------------------------------------
     0 | D:1      | RonnieColeman the Octopode Conjurer began the quest for the
                  | Orb.
     0 | D:1      | Reached XP level 1. HP: 11/11 MP: 3/3
   275 | D:1      | Reached XP level 2. HP: 18/18 MP: 5/5
   686 | D:1      | Reached skill level 1 in Fighting
   815 | D:1      | Reached XP level 3. HP: 23/23 MP: 6/6
   819 | D:1      | Learned a level 2 spell: Searing Ray
  1687 | D:2      | Reached skill level 3 in Spellcasting
  1692 | D:2      | Noticed Jessica
  1697 | D:2      | Killed Jessica
  1697 | D:2      | Reached XP level 4. HP: 28/28 MP: 5/8
  1780 | D:2      | Found a faded altar of an unknown god.
  3082 | D:3      | Reached XP level 5. HP: 34/34 MP: 10/10
  3088 | D:3      | Found a stormy altar of Qazlal.
  3175 | D:3      | Noticed Natasha
  3181 | D:3      | Killed Natasha
  3501 | D:3      | Reached skill level 4 in Spellcasting
  3769 | D:3      | Reached XP level 6. HP: 41/41 MP: 12/12
  4077 | D:4      | Reached skill level 5 in Conjurations
  4649 | D:4      | Reached skill level 5 in Spellcasting
  4649 | D:4      | Reached XP level 7. HP: 46/46 MP: 5/14
  4816 | D:4      | Noticed Blork the orc
  4834 | D:4      | Killed Blork the orc
  5502 | D:4      | Reached skill level 6 in Spellcasting
  5502 | D:4      | Reached XP level 8. HP: 47/54 MP: 15/17
  6138 | D:4      | Found a staircase to the Ecumenical Temple.
  6171 | Temple   | Entered the Ecumenical Temple
  6256 | Temple   | Became a worshipper of Sif Muna the Loreminder
  6289 | D:5      | Entered Level 5 of the Dungeon
  6563 | D:5      | Reached skill level 5 in Fighting
  6563 | D:5      | Reached skill level 7 in Spellcasting
  7678 | D:6      | Identified the +2 trident of Zoll {venom, *Corrode +Inv
                  | rF+++ Int-5}
  7678 | D:6      | Identified the +11 scale mail "Dunoguig" {Harm Regen+ Str+5
                  | Int-3}
  7701 | D:6      | Reached XP level 9. HP: 59/61 MP: 15/20
  8077 | D:6      | Found a glowing silver altar of Zin.
  8266 | D:6      | Found a transporter.
  8274 | D:6      | Noticed AssidiousBlue's ghost (novice MiBe)
  8401 | D:6      | Found a transporter.
  8760 | D:7      | Reached skill level 8 in Spellcasting
  9142 | D:6      | Reached * piety under Sif Muna
  9273 | D:6      | Slain by AssidiousBlue's ghost

Illustrated notes

Levels and vault maps discovered:
D:1:      matt_arrival_grand_opening, layout_basic
D:2:      layout_basic, chequers_ecumenical_altar_twisty, uniq_jessica
D:3:      layout_loops_ring, nicolae_qazlal_eye_of_the_storm, uniq_natasha
D:4:      minmay_razor_zed, layout_gridville,
          minmay_temple_entry_enclosed_plants, minmay_puff, uniq_blork_the_orc
D:5:      layout_basic, first_ration, minmay_manual_monstrance
D:6:      layout_layer_cave, zin_academy, gammafunk_ghost_gnarly_gnolls,
          lemuel_old_faithful
D:7:      layout_loops_cross, serial_shops, kennysheep_mini,
          minmay_increasing_density
Temple:   dpeg_three_leaves_temple

Skill      XL: |  1  2  3  4  5  6  7  8  9 |
---------------+----------------------------+-----
Fighting       | 1 2 3 4 5 |  5.0
Spellcasting   | 3 4 5 6 7 8 |  8.3
Conjurations   | 5 6 7 |  7.4
Dodging        | |  2.0
Stealth        | |  2.6

Action                   |  1- 3 |  4- 6 |  7- 9 || total
-------------------------+-------+-------+-------++-------
Melee: Unarmed           |    20 |       |       ||    20
       Constrict         |    22 |    19 |    27 ||    68
       Tentacles         |    13 |    14 |    16 ||    43
       Club              |    11 |       |       ||    11
       Short sword       |    40 |    43 |       ||    83
       Dagger            |       |    51 |   103 ||   154
 Cast: Magic Dart        |    12 |     6 |     8 ||    26
       Searing Ray       |     1 |    18 |    36 ||    55
  Use: Scroll            |       |       |    14 ||    14
       Potion            |       |       |     1 ||     1
 Stab: Sleeping          |    10 |    10 |    11 ||    31
       Distracted        |     1 |       |       ||     1
  Eat: Chunk             |     3 |     9 |    14 ||    26
Armor: Skin              |    10 |     8 |     4 ||    22
Dodge: Dodged            |    49 |    69 |    82 ||   200
